 Dungeon Crawl Stone Soup version 0.23-a0-321-g6bcb69f (webtiles) character file.

122 Ijustatesigmund the Magician (level 5, -1/31 HPs)
             Began as an Octopode Wizard on Oct 15, 2018.
             Slain by Terence
             ... wielding a +0 flail
              (11 damage)
             ... on level 3 of the Dungeon.
             The game lasted 00:06:12 (3281 turns).

Ijustatesigmund the Magician (Octopode Wizard)      Turns: 3281, Time: 00:06:13

Health: -1/31      AC:  1    Str:  6    XL:     5   Next: 6%
Magic:  5/9        EV: 13    Int: 21    God:
Gold:   148        SH:  4    Dex: 11    Spells: 4/10 levels left

rFire    . . .     SeeInvis .   b - +1 mace
rCold    . . .     Gourm    .   g - +0 buckler
rNeg     . . .     Faith    .   a - +0 hat
rPois    .         Spirit   .   (no amulet)
rElec    .         Reflect  .   (no ring)
rCorr    .         Harm     .   (no ring)
MR       .....                  (no ring)
Stlth    +++.......             (no ring)
HPRegen  0.10/turn              (no ring)
MPRegen  0.11/turn              (no ring)
                                (no ring)
                                (no ring)

@: berserk cooldown, slowed, very slow
A: almost no armour, stealthy swim, amphibious, 8 rings, constrict 8, camouflage
1, gelatinous body 1
a: no special abilities


You were on level 3 of the Dungeon.
You were not hungry.

You visited 1 branch of the dungeon, and saw 3 of its levels.

You collected 148 gold pieces.

Inventory:

Hand Weapons
 b - a +1 mace (weapon)
Missiles
 e - 4 tomahawks (quivered)
Armour
 a - a +0 hat (worn)
 g - a +0 buckler (worn)
Potions
 d - a potion of lignification
 f - a potion of cancellation
 k - a potion of magic
Comestibles
 c - 4 rations


   Skills:
 - Level 2.0 Dodging
 - Level 2.6 Stealth
 + Level 2.2 Shields
 - Level 3.0 Spellcasting
 - Level 2.1 Conjurations
   Level 1.0 Summonings
 - Level 2.6 Translocations
 - Level 1.2 Air Magic
 - Level 1.4 Poison Magic


You had 4 spell levels left.
You knew the following spells:

 Your Spells              Type           Power        Failure   Level  Hunger
a - Magic Dart            Conj           ##..         7%          1    None
b - Blink                 Tloc           N/A          9%          2    ##.....
c - Mephitic Cloud        Conj/Pois/Air  #.......     26%         3    ###....

Your spell library contained the following spells:

 Spells                   Type           Power        Failure   Level  Hunger
 Call Imp                 Summ           #.......     16%         2    ##.....
 Slow                     Hex            #.......     24%         2    ##.....
 Conjure Flame            Conj/Fire      #.......     32%         3    ###....


Dungeon Overview and Level Annotations

Branches:
Dungeon (3/15)

Altars:
Fedhas
Makhleb

Annotations:
D:3 Terence


Innate Abilities, Weirdness & Mutations

You cannot wear most types of armour.
You are very stealthy in the water. (Stealth+)
You are amphibious.
You can wear up to eight rings at the same time.
You can use your tentacles to constrict eight enemies at once.
Your skin changes colour to match your surroundings (Stealth+).
Your rubbery body absorbs attacks. (AC +1, EV +1)


Message History

You hit the orc.
You kill the orc!
Terence hits you with a +0 flail. You block Terence's attack.
You hit Terence.
Terence is moderately wounded.
Terence hits you with a +0 flail. Terence hits you but does no damage.
You closely miss Terence.
Terence is moderately wounded.
You feel less wooden.
Your +0 hat unmelds from your body.
You block Terence's attack.
You miss Terence. You grab Terence.
Terence is moderately wounded.
You constrict Terence. Terence hits you with a +0 flail.
* * * LOW HITPOINT WARNING * * *
You block Terence's attack.
You hit Terence.
Terence is heavily wounded.
You constrict Terence, but do no damage.
Terence hits you with a +0 flail!
You die...

################.
#..............#......
#..#+#######...#.....
#..'...... #...#....
#..'.......#...#...#
#..#.......#...#...#
#..#.......#...#...# ##.
#..#.......#...#)@.#....
#..#.......#...#@†...###
#..#...........#........
#..#...........#)...>...
#.....#####........#....
#..................# ..#
#......####........+ ..
...................# .
...................#
....................


You could see Terence.

Vanquished Creatures
  An orc wizard (D:3)
  2 adders (D:2)
  A worm (D:3)
  3 dart slugs
  6 orcs
  A ball python (D:1)
  A giant cockroach (D:2)
  6 goblins
  11 hobgoblins
  4 jackals (D:3)
  6 kobolds
  4 bats
  6 frilled lizards
  12 rats
64 creatures vanquished.

Notes
Turn   | Place    | Note
-------+----------+-------------------------------------------
     0 | D:1      | Ijustatesigmund the Octopode Wizard began the quest for the
                  | Orb.
     0 | D:1      | Reached XP level 1. HP: 11/11 MP: 4/4
   350 | D:1      | Reached XP level 2. HP: 17/17 MP: 0/6
   354 | D:1      | Learned a level 2 spell: Blink
  1069 | D:1      | Reached XP level 3. HP: 21/21 MP: 1/7
  1215 | D:2      | Learned a level 3 spell: Mephitic Cloud
  1399 | D:2      | Found a faded altar of an unknown god.
  1419 | D:2      | Found a blossoming altar of Fedhas.
  1729 | D:2      | Reached skill level 1 in Poison Magic
  2051 | D:2      | Found a burning altar of Makhleb.
  2056 | D:2      | Reached skill level 1 in Air Magic
  2056 | D:2      | Reached XP level 4. HP: 22/27 MP: 2/8
  2836 | D:3      | Reached skill level 1 in Shields
  3261 | D:3      | Reached XP level 5. HP: 19/31 MP: 1/9
  3266 | D:3      | Noticed Terence
  3281 | D:3      | Slain by Terence

Vault maps used:
D:1:      wheals_arrival_linesprint, kennysheep_decorative_pillar,
          minmay_door_square
D:2:      lightli_temple_of_fire, lemuel_crystal_altar,
          chequers_ecumenical_altar_simple_redux, nrook_loot_triangle
D:3:      first_ration, uniq_terence

Skill      XL: |  1  2  3  4 |
---------------+-------------+-----
Conjurations   | 2 |  2.1
Translocations | 2 |  2.6
Poison Magic   | 1 |  1.4
Air Magic      | 1 |  1.2
Shields        | 2 |  2.2
Dodging        | |  2.0
Stealth        | |  2.6
Spellcasting   | |  3.0
Summonings     | |  1.0

Action                   |  1- 3 |  4- 6 || total
-------------------------+-------+-------++-------
Melee: Whip              |     3 |       ||     3
       Constrict         |     7 |     6 ||    13
       Mace              |    13 |    34 ||    47
       Tentacles         |     2 |     1 ||     3
 Cast: Magic Dart        |    77 |    51 ||   128
  Use: Scroll            |     2 |     4 ||     6
       Potion            |       |     5 ||     5
  Eat: Chunk             |     3 |     4 ||     7
Armor: Skin              |     3 |    31 ||    34
Dodge: Dodged            |    23 |    19 ||    42
Block: Buckler           |       |     9 ||     9

Table legend:
 A = Non-vault XP
 B = Vault XP
 C = Vault XP percentage of total XP
 D = Non-vault monster count
 E = Vault monster count
 F = Vault count percentage of total count
                 A         B        C        D         E       F
            +---------+---------+-------+---------+---------+-------
      Total |     175 |       0 |   0.0 |      64 |       0 |   0.0
            +---------+---------+-------+---------+---------+-------
        D:1 |      36 |       0 |   0.0 |      20 |       0 |   0.0
        D:2 |      56 |       0 |   0.0 |      20 |       0 |   0.0
        D:3 |      83 |       0 |   0.0 |      24 |       0 |   0.0
            +---------+---------+-------+---------+---------+-------
